 Dungeon Crawl Stone Soup version 0.31-a0-986-g5e6e4ef867 (webtiles) character file.

Game seed: 18025575227744825642

86374 Lobster4 the Impaler (level 15, -19/124 HPs)
             Began as a Merfolk Ice Elementalist on Nov 24, 2023.
             Was the Champion of the Shining One.
             Demolished by a reaper
             ... wielding a +2 scythe of freezing
              (30 damage)
             ... in an ice cave.
             The game lasted 02:29:52 (33097 turns).

Lobster4 the Impaler (Merfolk Ice Elementalist)    Turns: 33097, Time: 02:29:53

Health: -19/124    AC: 12    Str: 20    XL:     15   Next: 87%
Magic:  26/27      EV: 19    Int: 19    God:    the Shining One [******]
Gold:   2100       SH:  8    Dex: 20    Spells: 20/31 levels left

rFire   + + .        a - +2 trident (flame)
rCold   + + +        p - +2 buckler {rC+}
rNeg    + + +        V - +2 robe {rC+}
rPois   +            u - +1 helmet
rElec   .            U - +0 cloak
rCorr   .            Y - +2 pair of gloves
SInv    .            O - +0 pair of boots of Resonance {rPois rF+}
Will    +....        m - amulet of regeneration
Stlth   +            J - ring of Meowk {rF+ rC+ rN+ Str+6 Slay-4}
HPRegen 1.20/turn    l - ring "Huovotin" {rPois Int+2 Dex+6}
MPRegen 0.20/turn

%: no passive effects
@: glowing
A: (nimble swimmer 2), mertail
a: Renounce Religion, Divine Shield, Cleansing Flame, Summon Divine Warrior,
Brand Weapon With Holy Wrath


You were in an ice cave.
You worshipped the Shining One.
The Shining One was exalted by your worship.
You visited 4 branches of the dungeon, and saw 23 of its levels.
You also visited: Gauntlet and Ice Cave.

You collected 3015 gold pieces.
You spent 915 gold pieces at shops.

Inventory:

Hand Weapons
 a - a +2 trident of flaming (weapon)
 B - a +3 spear of venom
 G - the +3 trident of Imamuge {holy, rF++ Str-4}
   (You took it off Kirke on level 5 of the Lair of Beasts)

   Str-4:     It affects your strength (-4).
   rF++:      It greatly protects you from fire.
Missiles
 r - 8 javelins
 z - 4 silver javelins
 A - 9 boomerangs (quivered)
 Q - 4 throwing nets
Armour
 e - a +0 kite shield
 p - a +2 buckler of cold resistance (worn)
 u - a +1 helmet (worn)
 O - the +0 pair of boots of Resonance (worn) {rPois rF+}
   (You found it in a Gauntlet)

   rF+:       It protects you from fire.
   rPois:     It protects you from poison
 U - a +0 cloak (worn)
 V - a +2 robe of cold resistance (worn)
 Y - a +2 pair of gloves (worn)
Jewellery
 i - a ring of resist corrosion
 l - the ring "Huovotin" (right hand) {rPois Int+2 Dex+6}
   (You took it off a vampire on level 9 of the Dungeon)

   [ring of dexterity]

   Int+2:     It affects your intelligence (+2).
   Dex+6:     It affects your dexterity (+6).
   rPois:     It protects you from poison
 m - an amulet of regeneration (around neck)
 v - a ring of ice
 w - a ring of willpower
 C - the ring of Ugelugiph {rF+ rN+ Str+3}
   (You took it off a deep elf pyromancer on level 9 of the Dungeon)

   [ring of protection from fire]

   Str+3:     It affects your strength (+3).
   rF+:       It protects you from fire.
   rN+:       It protects you from negative energy.
 J - the ring of Meowk (left hand) {rF+ rC+ rN+ Str+6 Slay-4}
   (You took it off an efreet on level 9 of the Dungeon)

   [ring of positive energy]

   Str+6:     It affects your strength (+6).
   Slay-4:    It affects your accuracy & damage with ranged weapons and melee
   (-4).
   rF+:       It protects you from fire.
   rC+:       It protects you from cold.
   rN+:       It protects you from negative energy.
 Z - an amulet of reflection
Wands
 c - a wand of iceblast (9)
 f - a wand of mindburst (14)
 g - a wand of digging (15)
 T - a wand of flame (29)
Scrolls
 d - 2 scrolls of butterflies
 j - 6 scrolls of fear
 k - 3 scrolls of teleportation
 q - 3 scrolls of revelation
 s - a scroll of immolation
 D - a scroll of poison
 F - a scroll of fog
Potions
 b - 2 potions of magic
 n - 2 potions of cancellation
 o - 13 potions of curing
 t - 4 potions of ambrosia
 E - 2 potions of enlightenment
 H - 3 potions of lignification
 K - 2 potions of heal wounds
 M - 7 potions of brilliance
 N - 3 potions of haste
 P - 2 potions of resistance
 R - 2 potions of mutation
Miscellaneous
 h - a condenser vane (inert)
 I - a phantom mirror (inert)


   Skills:
 + Level 13.3 Fighting
 + Level 15.5 Polearms
 + Level 3.9 Throwing
 + Level 6.1 Armour
 + Level 10.2 Dodging
 - Level 3.0 Stealth
 + Level 5.8 Shields
 + Level 8.8 Spellcasting
 - Level 5.0 Summonings
 + Level 14.0 Ice Magic
 + Level 6.5 Invocations
 - Level 3.0 Evocations
 + Level 5.5 Shapeshifting


You had 20 spell levels left.
You knew the following spells:

 Your Spells              Type           Power      Damage    Failure   Level
a - Freeze                Ice            100%       1d10      1%          1
b - Frozen Ramparts       Ice            100%       1d16      1%          3
c - Ozocubu's Armour      Ice            57%        N/A       1%          3
d - Summon Ice Beast      Ice/Summ       44%        N/A       1%          4

Your spell library contained the following spells:

 Spells                   Type           Power      Damage    Failure   Level
 Summon Small Mammal      Summ           100%       N/A       1%          1
 Call Canine Familiar     Summ           27%        N/A       3%          3
 Summon Guardian Golem    Hex/Summ       17%        N/A       11%         3
 Inner Flame              Hex/Fire       8%         N/A       30%         3
 Tukima's Dance           Hex            8%         N/A       30%         3
 Cause Fear               Hex            4%         N/A       69%         4
 Leda's Liquefaction      Hex/Erth       4%         N/A       69%         4
 Passage of Golubria      Tloc           8%         N/A       69%         4
 Fireball                 Conj/Fire      4%         3d4       95%         5
 Iskenderun's Battlesphe  Conj           8%         2d6       95%         5
 Lee's Rapid Deconstruct  Erth           4%         3d5*      95%         5
 Yara's Violent Unravell  Hex/Tmut       4%         3d4       95%         5
 Bombard                  Conj/Erth      4%         9d2       100%        6
 Enfeeble                 Hex            4%         N/A       100%        7
 Spellforged Servitor     Conj/Summ      8%         N/A       100%        7
 Dragon's Call            Summ           13%        N/A       100%        9


Dungeon Overview and Level Annotations

Branches:
Dungeon (15/15)            Temple (1/1) D:6            Lair (5/5) D:11
 Shoals (0/4) Lair:2        Snake (0/4) Lair:2        Slime (0/5) Lair:5
    Orc (2/2) D:9             Elf (0/3) Orc:2        Vaults (0/5) D:14
 Depths (0/4) D:15          IceCv (1/1)             Gauntlet (visited)

Altars:
Ashenzari
Cheibriados
Dithmenos
Elyvilon
Fedhas
Gozag
Hepliaklqana
Kikubaaqudgha
Makhleb
Nemelex Xobeh
Okawaru
Qazlal
Ru
Sif Muna
Trog
Uskayaw
Vehumet
Wu Jian
Xom
Yredelemnul
Zin
The Shining One

Shops:
D:9 (   D:15 [   Orc:1 !(!?   Orc:2 ?(((

Annotations:
Lair:3 2 transporters, Dinouf's ghost, adept DsFE
Orc:2 2 transporters, Beryl's ghost, journeyman DrRe


Innate Abilities, Weirdness & Mutations

((You are very nimble when in or above water. (Stealth+, EV+, Speed+++)))
Your lower body shifts to a powerful aquatic tail in water.


Message History

Your ice beast dies!
Your ice beast disappears in a puff of smoke!
Aiming: Corrosive Bolt
Press: ? - help, Shift-Dir - straight line, f/p - reaper
Aim: a reaper, wielding a +2 scythe of freezing, wearing a +0 robe of cold resistance and wearing a ring of protection from cold (haloed, 82% to hit)
The bolt of acid hits the reaper!
The acid corrodes the reaper!
The reaper is lightly wounded.
Aiming: Corrosive Bolt
Press: ? - help, Shift-Dir - straight line, f/p - reaper
Aim: a reaper, wielding a +2 scythe of freezing, wearing a +0 robe of cold resistance and wearing a ring of protection from cold (lightly wounded, covered in acid, haloed, 82% to hit)
The bolt of acid hits the reaper!
The reaper seems to be corroded for longer.
The reaper is lightly wounded.
The reaper hits you from afar with a +2 scythe of freezing!!
* * * LOW HITPOINT WARNING * * *
The reaper freezes you.
* * * LOW HITPOINT WARNING * * *
Aiming: Corrosive Bolt
Press: ? - help, Shift-Dir - straight line, f/p - reaper
Aim: a reaper, wielding a +2 scythe of freezing, wearing a +0 robe of cold resistance and wearing a ring of protection from cold (lightly wounded, covered in acid, haloed, 82% to hit)
The bolt of acid hits the reaper!
The reaper seems to be corroded for longer.
The reaper is moderately wounded.
You block the reaper's attack.
Aiming: Corrosive Bolt
Press: ? - help, Shift-Dir - straight line, f/p - reaper
Aim: a reaper, wielding a +2 scythe of freezing, wearing a +0 robe of cold resistance and wearing a ring of protection from cold (moderately wounded, covered in acid, haloed, 82% to hit)
The bolt of acid hits the reaper!
The reaper seems to be corroded for longer.
The reaper is heavily wounded.
The reaper hits you from afar with a +2 scythe of freezing!!
* * * LOW HITPOINT WARNING * * *
Aiming: Corrosive Bolt
Press: ? - help, Shift-Dir - straight line, f/p - reaper
Aim: a reaper, wielding a +2 scythe of freezing, wearing a +0 robe of cold resistance and wearing a ring of protection from cold (heavily wounded, covered in acid, haloed, 82% to hit)
The bolt of acid hits the reaper!!
The reaper is severely wounded.
The now-empty wand crumbles to dust.
The reaper hits you from afar with a +2 scythe of freezing!!
You die...

§.##.....#
##..##
.....#..Z.#
##..#
☼..###....#
##...#
○4##......#
##.2.##
○...4....##
#...##
..###Z..##
#...## ....
## ##.2.#
..°...
##...##
2.##.##
##..@..##
... ##
#...∩...#
.##
#.......#
2.
##..∩..##
##...##
#####


You could see 2 reapers.

Vanquished Creatures
  Kirke (Lair:5)
  A reaper (IceCv)
  A minotaur (Gauntlet)
  The ghost of Nudhul the Warrior, a journeyman MiBe of Trog (Orc:1)
  Josephine (D:11)
  A hydra (Lair:4)
  8 vault guards (D:14)
  Harold (D:9)
  An ogre mage (D:14)
  A merfolk avatar (Lair:5)
  2 centaur warriors
  6 two-headed ogres
  4 boulder beetles
  5 orc high priests
  A skyshark (Lair:5)
  2 skeletal warriors
  2 sea snakes (Lair:5)
  Amaemon (D:9)
  A spriggan simulacrum (IceCv)
  6 orc knights
  A deep elf pyromancer (D:9)
  2 obsidian statues
  An oklob plant (Orc:2)
  5 orc sorcerers
  4 manticores
  An ugly thing (D:12)
  4 cyclopes
  2 elephants (Lair:3)
  A black mamba (Lair:5)
  An apocalypse crab (Gauntlet)
  Maurice (D:10)
  An orange demon (D:9)
  Psyche (D:10)
  A torpor snail (Lair:5)
  5 cane toads
  An efreet (D:9)
  An unseen horror (D:10)
  3 rime drakes
  10 freezing wraiths
  9 komodo dragons
  3 ice devils (IceCv)
  4 polar bears
  A golden dragon simulacrum (IceCv)
  9 trolls
  Grinder (D:5)
  A queen bee (D:14)
  3 meliai (D:14)
  2 alligator simulacra (IceCv)
  A wind drake (Lair:5)
  2 hornets
  18 blink frogs
  A snapping turtle (Lair:5)
  A vampire (D:9)
  A centaur simulacrum (D:14)
  A spriggan (Lair:3)
  7 slime creatures
  32 yaks
  7 wraiths
  Grum (D:9)
  3 wyverns
  9 vampire mosquitoes
  5 hogs (Lair:5)
  2 basilisks
  3 steam dragons
  Menkaure (D:5)
  4 minotaur simulacra (IceCv)
  3 nagas (Lair:2)
  3 wargs (Orc:1)
  4 acid dragons
  10 water moccasins
  21 orc warriors
  A sky beast (D:7)
  An ice beast (D:6)
  2 black bears (Lair:3)
  11 centaurs
  14 wolves
  9 ogres
  9 bullfrogs
  3 deep troll simulacra (IceCv)
  2 gnoll sergeants
  2 scorpions (D:5)
  A water moccasin zombie (D:3)
  A water moccasin skeleton (D:3)
  22 killer bees
  2 lindwurm simulacra (IceCv)
  The ghost of gebbletook2 the Changeling, a weakling OpSh (D:3)
  4 howler monkeys
  A jelly (D:8)
  A bullfrog zombie (D:3)
  2 gnoll boudas (D:6)
  5 orc priests
  3 hounds
  2 sleepcaps
  8 iguanas
  17 orc wizards
  6 hell rats (Lair:4)
  20 gnolls
  12 adders
  A shadow imp (D:6)
  3 white imps
  4 ufetubi
  2 worms
  3 dart slugs
  44 orcs
  6 endoplasms
  6 goblins
  11 hobgoblins
  6 quokkas
  4 ball pythons
  2 bats
  2 frilled lizards
  3 kobolds
  A rat (D:2)
526 creatures vanquished.

Vanquished Creatures (collateral kills)
  A very ugly thing (IceCv)
  A boulder beetle (D:12)
  A two-headed ogre (D:11)
  A skyshark (Lair:5)
  A spriggan simulacrum (IceCv)
  A deep elf pyromancer (D:12)
  An orc sorcerer (Orc:2)
  A manticore (Lair:5)
  3 cyclopes (D:11)
  An elephant (Lair:3)
  A black mamba (Lair:1)
  2 cane toads
  2 rime drakes (Lair:5)
  A komodo dragon (Lair:1)
  A troll (D:11)
  5 blink frogs
  An alligator simulacrum (IceCv)
  3 slime creatures
  A wraith (D:12)
  A basilisk (Lair:4)
  3 yaks
  An acid dragon (D:12)
  A warg (Orc:1)
  2 water moccasins
  An orc warrior (Orc:2)
  A centaur (Lair:2)
  A gnoll sergeant (D:12)
  2 killer bees (D:14)
  3 electric eels (D:11)
  3 orc priests (Orc:2)
  A hound (D:11)
  A hell rat (Lair:4)
  3 orc wizards (Orc:2)
  2 gnolls (D:12)
  7 orcs
62 creatures vanquished.

Vanquished Creatures (others)
  An orc priest (Orc:2)
  A hound (D:11)
2 creatures vanquished.

Grand Total: 590 creatures vanquished

Notes
Turn   | Place    | Note
-------+----------+-------------------------------------------
     0 | D:1      | Lobster4 the Merfolk Ice Elementalist began the quest for
                  | the Orb.
     0 | D:1      | Reached XP level 1. HP: 13/13 MP: 3/3
   168 | D:1      | Reached XP level 2. HP: 15/20 MP: 1/5
  1119 | D:2      | Reached skill level 1 in Fighting
  1209 | D:2      | Reached XP level 3. HP: 26/26 MP: 3/6
  1872 | D:3      | Learned a level 3 spell: Frozen Ramparts
  1896 | D:3      | Found a blossoming altar of Fedhas.
  1935 | D:3      | Reached XP level 4. HP: 23/32 MP: 0/7
  2201 | D:3      | Found a runed translucent gate.
  2201 | D:3      | Found a runed translucent gate.
  2201 | D:3      | Found a runed translucent gate.
  2208 | D:3      | Noticed gebbletook2's ghost (weakling OpSh)
  2358 | D:3      | Learned a level 3 spell: Ozocubu's Armour
  2595 | D:3      | Reached skill level 1 in Polearms
  2719 | D:3      | Reached XP level 5. HP: 32/38 MP: 4/8
  3072 | D:4      | Found an iron altar of Okawaru.
  3081 | D:4      | Reached skill level 5 in Ice Magic
  3172 | D:4      | Found a glowing golden altar of the Shining One.
  3275 | D:4      | Became a worshipper of the Shining One
  3411 | D:4      | Found an ancient bone altar of Kikubaaqudgha.
  3585 | D:4      | Found a bloodstained altar of Trog.
  3856 | D:4      | Found a white marble altar of Elyvilon.
  3867 | D:5      | Entered Level 5 of the Dungeon
  3867 | D:5      | Noticed an ogre
  3983 | D:5      | Reached skill level 2 in Polearms
  3983 | D:5      | Reached skill level 1 in Armour
  3983 | D:5      | Reached skill level 1 in Invocations
  3983 | D:5      | Reached XP level 6. HP: 46/46 MP: 6/10
  4271 | D:5      | Noticed Menkaure
  4487 | D:5      | Reached XP level 7. HP: 23/51 MP: 2/11
  4608 | D:5      | Reached skill level 1 in Throwing
  4782 | D:5      | Reached skill level 3 in Polearms
  4848 | D:5      | Noticed Grinder
  5223 | D:6      | Reached * piety under the Shining One
  5235 | D:6      | Reached skill level 5 in Dodging
  5345 | D:6      | Found a staircase to the Ecumenical Temple.
  5354 | Temple   | Entered the Ecumenical Temple
  5525 | D:6      | Noticed a steam dragon
  5552 | D:6      | HP: 1/52 [gnoll/+0 spear[a gnoll bouda] (5)]
  5872 | D:6      | Reached XP level 8. HP: 58/58 MP: 6/13
  6213 | D:6      | Reached skill level 4 in Polearms
  7633 | D:7      | Reached skill level 5 in Polearms
  7861 | D:7      | Noticed a yak
  7861 | D:7      | Noticed a yak
  7861 | D:7      | Noticed a yak
  7861 | D:7      | Noticed a yak
  7868 | D:7      | Noticed a yak
  7904 | D:7      | Killed a yak
  7905 | D:7      | Reached XP level 9. HP: 45/67 MP: 2/15
  8043 | D:7      | Reached skill level 5 in Fighting
  8053 | D:7      | Reached skill level 6 in Polearms
  8053 | D:7      | Reached skill level 5 in Spellcasting
  8173 | D:7      | Found a radiant altar of Vehumet.
  9127 | D:8      | Reached ** piety under the Shining One
  9128 | D:8      | Reached skill level 7 in Polearms
  9507 | D:8      | Learned a level 4 spell: Summon Ice Beast
 10076 | D:8      | Found an ornate altar of the Wu Jian Council.
 10085 | D:8      | Found a stormy altar of Qazlal.
 10134 | D:9      | Found Cidghiuts's Weapon Shoppe.
 10139 | D:9      | Noticed a cyclops
 10297 | D:9      | Reached skill level 1 in Summonings
 10297 | D:9      | Reached XP level 10. HP: 75/77 MP: 9/17
 10328 | D:9      | Identified the ring "Huovotin" {rPois Int+2 Dex+6}
 10338 | D:9      | Noticed a centaur warrior
 10468 | D:9      | Reached skill level 8 in Polearms
 10574 | D:9      | Identified the +3 morningstar of Jyd Ekey {heavy, rPois}
 10731 | D:9      | Noticed Grum
 10738 | D:9      | Killed Grum
 10884 | D:9      | Killed a centaur warrior
 10885 | D:9      | Reached skill level 9 in Polearms
 11129 | D:9      | Identified the ring of Meowk {rF+ rC+ rN+ Str+6 Slay-4}
 11308 | D:9      | Found a staircase to the Orcish Mines.
 11351 | D:9      | Identified the ring of Ugelugiph {rF+ rN+ Str+3}
 11351 | D:9      | Noticed a deep elf pyromancer
 11358 | D:9      | Killed a deep elf pyromancer
 11359 | D:9      | Reached XP level 11. HP: 84/86 MP: 5/20
 11468 | D:9      | Noticed a boulder beetle
 11484 | D:9      | Killed a boulder beetle
 11899 | D:9      | Killed a cyclops
 11900 | D:9      | Noticed Amaemon
 12145 | D:9      | Identified the ring "Bagrosuw" {Fire Will+}
 12225 | D:9      | Killed Amaemon
 12317 | D:9      | Noticed a manticore
 12326 | D:9      | Killed a manticore
 12327 | D:9      | Reached skill level 10 in Polearms
 12506 | D:3      | Killed gebbletook2's ghost
 12605 | D:5      | Killed Menkaure
 12738 | D:5      | Paralysed by Grinder for 4 turns
 12746 | D:5      | Paralysed by Grinder for 5 turns
 12760 | D:5      | Killed Grinder
 12924 | D:10     | Entered Level 10 of the Dungeon
 12975 | IceCv    | Identified the of Zappaq
 12975 | Orc:1    | Entered Level 1 of the Orcish Mines
 12975 | Orc:1    | Found Teza's Weapon Shoppe.
 13024 | Orc:1    | Found Ikop's Distillery.
 13030 | Orc:1    | Bought a potion of heal wounds for 65 gold pieces
 13030 | Orc:1    | Bought a potion of might for 52 gold pieces
 13030 | Orc:1    | Bought a potion of brilliance for 52 gold pieces
 13093 | Orc:1    | Noticed an orc sorcerer
 13093 | Orc:1    | Noticed Nudhul's ghost (journeyman MiBe)
 13094 | Orc:1    | Noticed an orc high priest
 13094 | Orc:1    | Reached *** piety under the Shining One
 13098 | Orc:1    | Found a runed translucent gate.
 13098 | Orc:1    | Found a runed translucent gate.
 13098 | Orc:1    | Found a runed translucent gate.
 13137 | Orc:1    | Reached skill level 10 in Ice Magic
 13213 | Orc:1    | Noticed an orc high priest
 13220 | Orc:1    | Noticed a soul eater
 13233 | Orc:1    | Killed an orc high priest
 13451 | Orc:1    | Found Cympaepith's Magic Scroll Boutique.
 13461 | Orc:1    | Bought a scroll of blinking for 120 gold pieces
 13641 | Orc:1    | Noticed an orc sorcerer
 13661 | Orc:1    | Killed an orc sorcerer
 13756 | Orc:1    | Found Put Nokhao's Distillery.
 13764 | Orc:1    | Bought a potion of berserk rage for 80 gold pieces
 13764 | Orc:1    | Bought a potion of haste for 160 gold pieces
 13764 | Orc:1    | Bought a potion of heal wounds for 80 gold pieces
 13776 | Orc:1    | Noticed an orc knight
 13776 | Orc:1    | Noticed an orc knight
 13960 | Orc:1    | Killed an orc knight
 13961 | Orc:1    | Reached XP level 12. HP: 50/95 MP: 4/22
 14394 | Orc:2    | Entered Level 2 of the Orcish Mines
 14637 | Orc:2    | Found a staircase to the Elven Halls.
 14732 | Orc:2    | Found a transporter.
 14735 | Orc:2    | Noticed Beryl's ghost (journeyman DrRe)
 14757 | Orc:2    | Noticed an orc high priest
 14766 | Orc:2    | Noticed an orc high priest
 14766 | Orc:2    | Noticed an orc high priest
 14856 | Orc:2    | Killed an orc high priest
 14932 | Orc:2    | Reached skill level 5 in Summonings
 14958 | Orc:1    | Killed an orc high priest
 14959 | Orc:1    | Reached skill level 11 in Polearms
 15048 | D:10     | Noticed Harold
 15060 | D:9      | Killed Harold
 15252 | D:10     | Reached **** piety under the Shining One
 15407 | D:10     | Noticed Maurice
 15439 | D:10     | Killed Maurice
 15665 | D:10     | Noticed Psyche
 15676 | D:10     | Killed Psyche
 15677 | D:10     | Reached skill level 1 in Evocations
 16260 | D:11     | Reached skill level 5 in Armour
 16372 | D:11     | Noticed Josephine
 16397 | D:11     | Killed Josephine
 16398 | D:11     | Reached skill level 10 in Fighting
 16516 | D:11     | Found a staircase to the Lair.
 16613 | D:11     | Noticed a two-headed ogre
 16620 | D:11     | Killed a two-headed ogre
 16817 | D:11     | Reached skill level 12 in Polearms
 17034 | D:11     | Reached XP level 13. HP: 103/103 MP: 7/23
 18531 | D:12     | Reached skill level 1 in Shields
 18870 | D:12     | Found a hide-covered altar of Uskayaw.
 19033 | D:12     | Reached skill level 10 in Dodging
 19414 | D:13     | Reached skill level 1 in Shapeshifting
 19442 | D:13     | Reached ***** piety under the Shining One
 19657 | D:13     | Found a gate leading to a gauntlet.
 19666 | Gauntlet | Entered a Gauntlet
 19666 | Gauntlet | Found a transporter.
 19666 | Gauntlet | Found a transporter.
 19673 | Gauntlet | Found a transporter.
 19676 | Gauntlet | Found a transporter.
 19676 | Gauntlet | Found a transporter.
 19687 | Gauntlet | Found a transporter.
 19708 | Gauntlet | Found a transporter.
 19708 | Gauntlet | Found the +7 Spriggan's Knife {stab, EV+4 Stlth+}
 19730 | Gauntlet | Found a transporter.
 19748 | Gauntlet | Found a transporter.
 19756 | Gauntlet | Found a transporter.
 19774 | Gauntlet | Found a transporter.
 19826 | Gauntlet | Found a transporter.
 19869 | Gauntlet | Identified the +0 pair of boots of Resonance {rPois rF+}
 20183 | Gauntlet | Identified the staff of Cycrig {rF+ Dex+4 Tmut Fire}
 20183 | Gauntlet | Noticed a minotaur
 20197 | Gauntlet | Killed a minotaur
 20563 | D:13     | Reached skill level 13 in Polearms
 21342 | Orc:2    | Paralysed by an orc sorcerer for 2 turns
 21935 | Orc:2    | Found a transporter.
 22736 | Orc:2    | Reached XP level 14. HP: 110/113 MP: 11/24
 22803 | Orc:2    | Found Ybufacao's Weapon Emporium.
 22803 | Orc:2    | Found Giafyeme's Magic Scroll Emporium.
 22804 | Orc:2    | Found Yveph's Weapon Boutique.
 22804 | Orc:2    | Found Lunomesi's Antique Weapon Boutique.
 22828 | Orc:2    | Bought a translucent sling for 221 gold pieces
 22828 | Orc:2    | Identified the +0 sling of the Distant Future {speed, rPois
                  | Str+2 Int+4} (You bought it in a shop on level 2 of the
                  | Orcish Mines)
 22831 | Orc:2    | Bought a scroll of noise for 17 gold pieces
 22835 | Orc:2    | Bought a scroll of poison for 68 gold pieces
 23199 | Orc:1    | Killed Nudhul's ghost
 23339 | Lair:1   | Entered Level 1 of the Lair of Beasts
 23501 | Lair:1   | Reached skill level 5 in Invocations
 25113 | Lair:2   | Found a staircase to the Snake Pit.
 25129 | Lair:2   | Reached skill level 5 in Shapeshifting
 25195 | Lair:2   | Found a staircase to the Shoals.
 25685 | Lair:3   | Reached ****** piety under the Shining One
 25686 | Lair:3   | Noticed Dinouf's ghost (adept DsFE)
 25692 | Lair:3   | Found a bloodstained altar of Trog.
 25941 | Lair:3   | Found a transporter.
 25958 | Lair:3   | Reached skill level 14 in Polearms
 26055 | Lair:3   | Found a transporter.
 26146 | Lair:3   | Reached skill level 5 in Shields
 28121 | Lair:5   | Entered Level 5 of the Lair of Beasts
 29028 | Lair:5   | Reached XP level 15. HP: 122/122 MP: 15/27
 29619 | Lair:5   | Found a staircase to the Slime Pits.
 29774 | Lair:5   | Identified the +3 trident of Imamuge {holy, rF++ Str-4}
 29774 | Lair:5   | Noticed Kirke
 29792 | Lair:5   | Noticed a sphinx
 29795 | Lair:5   | Killed Kirke
 29897 | Lair:5   | Identified a scroll of acquirement
 29898 | Lair:5   | Acquired 815 gold pieces
 29937 | Lair:5   | Reached skill level 15 in Polearms
 31389 | D:14     | Found a gate to the Vaults.
 32107 | D:15     | Entered Level 15 of the Dungeon
 32108 | D:15     | Found a staircase to the Depths.
 32108 | D:15     | Found Peul's Antique Armour Boutique.
 32161 | D:15     | Found a frozen archway.
 32201 | IceCv    | Entered an ice cave
 33097 | IceCv    | Demolished by a reaper

Illustrated notes

Levels and vault maps discovered:
D:1:      lightli_arrival_chessboard, layout_basic, minivault_4
D:2:      layout_basic
D:3:      layout_loops_ring, fedhas_altar_1, gammafunk_ghost_necromancy,
          grunt_ministairs_14, amcnicky_mini_corridor_feature
D:4:      minmay_spotlight, layout_rooms, lemuel_tele_altar, kennysheep_mini,
          okawaru_gym_becter, mainiacjoe_overflow_boulevard,
          mainiacjoe_overflow_alcove_4
D:5:      layout_loops_ring, uniq_menkaure, uniq_grinder
D:6:      layout_basic, minmay_temple_entry_junction_2, serial_park_tiny_1
D:7:      layout_basic, lemuel_round_altar,
          hangedman_abyss_or_decor_jellyfish_corner
D:8:      layout_rooms, mainiacjoe_overflow_swirl, kennysheep_decorative_pillar,
          roderic_serpentine_path
D:9:      minmay_the_grid_triangle_9x9_recursive_2_mashed
          [minmay_the_grid_triangle_9x9_prize_special,
          minmay_the_grid_triangle_9x9_corruption,
          minmay_the_grid_triangle_9x9_sprig,
          minmay_the_grid_triangle_9x9_skeleton], layout_long_grid, orc_0_dummy,
          serial_shops, nicolae_shop_tiny_waterfront, uniq_grum, uniq_amaemon
D:10:     layout_rooms, reono_crystal_passage, uniq_maurice, uniq_harold,
          uniq_psyche
D:11:     layout_cave_pods, erik_lair_island, minmay_misc_feat_columns,
          uniq_josephine
D:12:     layout_stronghold, eat_drink_and_be_merry_uskayaw
D:13:     layout_loops_cross, gauntlet_entry_generic
D:14:     layout_roguey, erik_vaults_2, chequers_serial_rivers_micro_d,
          special_room [special_room_bee]
D:15:     grunt_enter_depths_hoard, layout_basic,
          portal_ice_cave_entry_frozen_things, serial_shops, shop,
          old_standard_altar, amcnicky_mini_rare_corridor_liquid, uniq_nessos
Temple:   cyrus_circular_temple
Lair:1:   layout_cave_pods, serial_forest, infiniplex_forest_straight_3,
          infiniplex_forest_straight_2, infiniplex_forest_end_3,
          infiniplex_forest_clump_small, infiniplex_forest_lined_room_2
Lair:2:   layout_roguey, minmay_shoals_entry_centaurs,
          minmay_snake_entry_guardpost_small
Lair:3:   layout_big_grid, serial_forest, infiniplex_forest_lined_2,
          infiniplex_forest_zigzag_2, infiniplex_forest_clump_diagonal,
          infiniplex_forest_lined_room_, infiniplex_forest_lined_room_,
          infiniplex_forest_straight_2, infiniplex_forest_end_3,
          infiniplex_forest_lined_corner, gammafunk_ghost_wrathful_warriors,
          forest_entry_grove
Lair:4:   layout_regular_city, lemuel_fruit_tree, serial_bayou_shore_b,
          serial_bayou_shore_b
Lair:5:   gammafunk_lair_ancient_temple, layout_cave_pods, slime_entry_1,
          uniq_kirke
Orc:1:    cheibrodos_orc_arena, layout_caves, serial_shops,
          nicolae_shop_tiny_waterfront, nicolae_shop_crystal,
          nicolae_shop_rolling_square, nicolae_shop_stone,
          gammafunk_ghost_split, kennysheep_orc_chapel
Orc:2:    st_orc_elflike, layout_caves, gammafunk_ghost_stat_death,
          mines3_lemuel
IceCv:    ice_cave_small_demon

Skill      XL: |  1  2  3  4  5  6  7  8  9 10 11 12 13 14 15 |
---------------+----------------------------------------------+-----
Dodging        | 3 4 5 7 9 10 | 10.2
Fighting       | 1 2 3 4 6 8 9 10 11 12 13 | 13.3
Stealth        | 3 |  3.0
Polearms       | 1 2 3 5 7 9 10 12 13 14 15 | 15.5
Ice Magic      | 5 6 8 9 10 11 12 13 14 | 14.0
Armour         | 1 2 3 4 5 6 |  6.1
Invocations    | 1 2 3 4 5 6 |  6.5
Spellcasting   | 3 4 5 6 7 8 |  8.8
Throwing       | 1 2 3 |  3.9
Summonings     | 1 3 4 5 |  5.0
Evocations     | 3 |  3.0
Shields        | 3 5 |  5.8
Shapeshifting  | 3 5 |  5.5

Action                     |  1- 3 |  4- 6 |  7- 9 | 10-12 | 13-15 || total
---------------------------+-------+-------+-------+-------+-------++-------
  Melee: Short sword       |    12 |     4 |       |       |       ||    16
         War axe           |     1 |       |       |       |       ||     1
         Unarmed           |     1 |       |       |       |       ||     1
         Trident           |       |    98 |   105 |   274 |  1113 ||  1590
         Punch             |       |       |     2 |     8 |    14 ||    24
  Throw: Stone             |     1 |       |    12 |    23 |     2 ||    38
         Dart              |       |    10 |     7 |     3 |       ||    20
         Javelin           |       |       |       |    10 |    10 ||    20
         Boomerang         |       |       |       |       |    10 ||    10
   Cast: Freeze            |    47 |    44 |    89 |   180 |   173 ||   533
         Frozen Ramparts   |       |     6 |    40 |    73 |   137 ||   256
         Ozocubu's Armour  |       |     2 |    30 |    53 |   126 ||   211
         Summon Ice Beast  |       |       |       |    19 |   146 ||   165
 Invoke: Divine Shield     |       |       |       |     1 |       ||     1
  Evoke: Wand              |       |       |       |     9 |    24 ||    33
         Condenser vane    |       |       |       |       |     2 ||     2
         Phantom mirror    |       |       |       |       |     1 ||     1
    Use: Scroll            |       |     1 |    15 |     5 |    14 ||    35
         Potion            |       |       |     3 |     1 |     7 ||    11
   Stab: Sleeping          |     3 |     4 |       |       |       ||     7
 Armour: Robe              |    20 |    65 |    52 |       |   139 ||   276
         Leather armour    |       |       |    54 |       |       ||    54
         Steam dragon scal |       |       |     9 |   291 |    23 ||   323
         Acid dragon scale |       |       |       |       |   409 ||   409
  Dodge: Dodged            |    23 |    82 |   144 |   326 |   704 ||  1279
  Block: Other             |       |       |       |     3 |       ||     3
         Buckler           |       |       |       |       |    62 ||    62
   Form: Beast             |       |       |       |       |     3 ||     3
                           |       |       |       |       |     3 ||     3

Table legend: (Time is in decaauts)
 A = Elapsed time spent in this place.
 B = Non-inter-level travel time spent in this place.
 C = Inter-level travel time spent in this place.
 D = Time resting spent in this place.
 E = Time spent auto-exploring this place.
 F = Levels seen in this place.
 G = Mean time per level.
                   A        B        C        D        E       F      G
               +--------+--------+--------+--------+--------+-----+--------+
         Total |  32655 |  30886 |   1769 |   7447 |  16348 |  25 | 1306.2 |
       Dungeon |  20046 |  18630 |   1416 |   4520 |  10234 |  15 | 1336.4 |
        Temple |    161 |    161 |      0 |    157 |      0 |   1 |  161.0 |
          Lair |   6981 |   6762 |    219 |    985 |   4431 |   5 | 1396.2 |
  Orcish Mines |   4023 |   3890 |    133 |   1259 |   1474 |   2 | 2011.5 |
      Ice Cave |    824 |    824 |      0 |    274 |     51 |   1 |  824.0 |
      Gauntlet |    618 |    618 |      0 |    250 |    157 |   1 |  618.0 |
               +--------+--------+--------+--------+--------+-----+--------+

Top non-repeatable levels by time:
  Lair:5: 2249 daAuts
     D:9: 2125 daAuts
   Orc:2: 2113 daAuts
     D:6: 2072 daAuts
   Orc:1: 1909 daAuts
    D:12: 1835 daAuts
     D:7: 1726 daAuts
    D:11: 1668 daAuts
     D:8: 1480 daAuts
  Lair:4: 1438 daAuts
     D:5: 1362 daAuts
  Lair:1: 1322 daAuts
     D:4: 1293 daAuts
    D:10: 1200 daAuts
    D:13: 1153 daAuts
